 Dungeon Crawl Stone Soup version 0.29-a0-1009-g60c99734e7 (webtiles) character file.

Game seed: 6166228928643619834

6024 IdlyInterested the Carver (level 10, 0/73 HPs)
             Began as a Demonspawn Gladiator on Aug 8, 2022.
             Was an Initiate of Dithmenos.
             Slain by a salamander
             ... wielding a +0 glaive of protection
              (5 damage)
             ... in a volcano.
             The game lasted 00:37:17 (9931 turns).

IdlyInterested the Carver (Demonspawn Gladiator)    Turns: 9931, Time: 00:37:17

Health: 0/73       AC: 10    Str: 15    XL:     10   Next: 56%
Magic:  16/16      EV: 12    Int: 19    God:    Dithmenos [......]
Gold:   212        SH:  5    Dex: 26    Spells: 17/17 levels left

rFire   + + .      SeeInvis .   a - +1 long sword
rCold   + + .      Faith    .   (no shield)
rNeg    + + +      Spirit   .   P - +1 scale mail "Cisicvy" {rElec rN++ Will+ Regen+}
rPois   .          Reflect  +   c - +0 helmet
rElec   +          Harm     .   G - scarf {shadows}
rCorr   .          Rampage  .   (no gloves)
Will    +....                   i - +1 pair of boots of Fefoap {rF+ rN+ Dex+7}
Stlth   ++........              k - amulet of reflection
HPRegen 1.02/turn               h - ring of fire
MPRegen 0.15/turn               o - ring "Apeaw" {Wiz rC+++ Dex+2}

@: studying Shields, invisible
A: foul stench 1, powered by pain 1, big brain 2, demonic touch 1, hooves 1,
thin skeletal structure 1, clever 1, wild magic 1
a: Renounce Religion


You were in a volcano.
You worshipped Dithmenos.
Dithmenos was noncommittal.
You visited 3 branches of the dungeon, and saw 11 of its levels.
You also visited: Sewer and Volcano.

You collected 473 gold pieces.
You spent 261 gold pieces at shops.

Inventory:

Hand Weapons
 a - a +1 long sword (weapon)
 r - a +2 dagger of speed
 F - a +2 short sword of venom
Missiles
 d - 4 throwing nets
 e - 8 javelins
 y - 6 boomerangs (quivered)
 M - 4 curare-tipped darts
 N - 9 poisoned darts
Armour
 c - a +0 helmet (worn)
 i - the +1 pair of boots of Fefoap (worn) {rF+ rN+ Dex+7}
   (You found it on level 2 of the Dungeon)

   Dex:       It affects your dexterity (+7).
   rF:        It protects you from fire.
   rN:        It protects you from negative energy.
 C - a +0 kite shield
 E - a +0 buckler
 G - a scarf of shadows (worn)
 P - the +1 scale mail "Cisicvy" (worn) {rElec rN++ Will+ Regen+}
   (You bought it in a shop on level 7 of the Dungeon)

   rElec:     It insulates you from electricity.
   rN:        It greatly protects you from negative energy.
   Regen:     It increases your rate of health regeneration.
   Will:      It increases your willpower.
Magical Staves
 n - a staff of earth
Jewellery
 h - a ring of fire (left hand)
 k - an amulet of reflection (around neck)
 o - the ring "Apeaw" (right hand) {Wiz rC+++ Dex+2}
   (You acquired it on level 6 of the Dungeon)

   [ring of wizardry]

   It improves your spell success rate.
   Dex:       It affects your dexterity (+2).
   rC:        It renders you almost immune to cold.
 H - a ring of resist corrosion
 Q - a ring of see invisible
Wands
 x - a wand of iceblast (9)
 D - a wand of paralysis (11)
 K - a wand of flame (11)
 L - a wand of polymorph (9)
Scrolls
 j - 5 scrolls of fear
 l - a scroll of butterflies
 p - 5 scrolls of identify
 s - 2 scrolls of amnesia
 z - 5 scrolls of enchant armour
 A - 4 scrolls of teleportation
 J - a scroll of enchant weapon
Potions
 b - 2 potions of magic
 f - 3 potions of attraction
 g - a potion of berserk rage
 m - 5 potions of mutation
 q - 6 potions of flight
 u - a potion of lignification
 v - a potion of haste
 w - 2 potions of might
 B - a potion of cancellation
 I - 4 potions of curing
 O - a potion of experience


   Skills:
 + Level 4.4 Fighting
 * Level 12.6 Long Blades
 - Level 2.0 Throwing
 - Level 1.0 Armour
 - Level 4.0 Dodging
 - Level 1.0 Stealth
 - Level 4.0 Unarmed Combat
 - Level 4.0 Spellcasting
 - Level 1.0 Evocations


You had 17 spell levels left.
You didn't know any spells.
Your spell library contained the following spells:

 Spells                   Type           Power      Damage    Failure   Level
 Apportation              Tloc           8%         N/A       28%         1
 Freeze                   Ice            16%        1d4       28%         1
 Necrotise                Necr           16%        1d4       28%         1
 Sandblast                Erth           8%         2d5       28%         1
 Summon Small Mammal      Summ           16%        N/A       28%         1
 Blink                    Tloc           8%         N/A       38%         2
 Sublimation of Blood     Necr           4%         N/A       38%         2
 Wereblood                Tmut           4%         N/A       38%         2
 Frozen Ramparts          Ice            8%         1d2       58%         3
 Hailstorm                Conj/Ice       4%         3d4       92%         4
 Alistair's Intoxication  Tmut/Pois      2%         N/A       99%         5
 Borgnjor's Vile Clutch   Necr/Erth      2%         N/A       99%         5
 Manifold Assault         Tloc           4%         N/A       99%         5
 Eringya's Noxious Bog    Tmut/Pois      2%         N/A       100%        6
 Storm Form               Tmut/Air       2%         N/A       100%        7
 Summon Hydra             Summ           2%         N/A       100%        7


Dungeon Overview and Level Annotations

Branches:
Dungeon (8/15)             Temple (1/1) D:6            Lair (2/5) D:8
 Shoals (0/4) Lair:2        Snake (0/4) Lair:2        Sewer (visited)
Volcano (1/1)

Altars:
Ashenzari
Cheibriados
Dithmenos
Fedhas
Hepliaklqana
Kikubaaqudgha
Makhleb
Nemelex Xobeh
Okawaru
Qazlal
Ru
Sif Muna
Trog
Uskayaw
Vehumet
Wu Jian
Xom
Yredelemnul

Shops:
D:7 [   D:8 *


Innate Abilities, Weirdness & Mutations

You may rarely emit foul miasma when damaged in melee.
You sometimes gain a little power by taking damage.
You have an extremely huge brain. (Int +4)
Your touch may inflict minor irresistible damage on your foes.
You have large cloven feet.
You have a somewhat thin skeletal structure. (Dex +2, Stealth+)
Your mind is acute. (Int +4, Str/Dex -1)
Your spells are a little harder to cast, but a little more powerful.


Message History

The hell hound is moderately wounded.
The hell hound breathes flames at you. The blast of flame hits you. You resist.
You miss the hell hound.
The hell hound is moderately wounded.
The hell hound closely misses you.
The salamander hits you from afar with a +0 spear!
You are engulfed in flames.
You resist.
You slash the hell hound!
The hell hound is almost dead.
You block the hell hound's attack. The salamander closely misses you.
You hit the hell hound but do no damage.
You touch the hell hound.
You kill the hell hound!
Dithmenos accepts your kill.
You slash the two-headed ogre!
You touch the two-headed ogre!
The two-headed ogre is heavily wounded.
You block the salamander's attack. The two-headed ogre closely misses you.
You block the two-headed ogre's attack.
You hit the two-headed ogre.
The two-headed ogre is heavily wounded.
The salamander hits you from afar with a +0 spear!
You are engulfed in flames.
You resist.
You slash the two-headed ogre!
The two-headed ogre is severely wounded.
The salamander hits you from afar with a +0 spear.
You are engulfed in flames.
You resist.
The two-headed ogre hits you with a +0 giant club of flaming!
* * * LOW HITPOINT WARNING * * *
The two-headed ogre hits you with a +0 giant club of flaming!
* * * LOW HITPOINT WARNING * * *
The two-headed ogre burns you.
* * * LOW HITPOINT WARNING * * *
You fade into invisibility!
The salamander hits you but does no damage.
You catch the helpless two-headed ogre completely off-guard!
You slash the two-headed ogre!
The two-headed ogre is almost dead.
The salamander hits you from afar with a +0 glaive of protection.
You die...

######.#~≈≈≈≈≈
§§.......~≈≈≈≈
§.......~~~≈≈≈
≈≈§°≈§.°####.^~≈≈≈≈≈
○≈°°≈○.##).##.~~≈≈≈≈
°°°°≈°○#!...#..~≈≈≈≈
○°°≈≈≈°#...NN.~~≈≈≈≈
§°≈≈≈.°# #..~≈≈≈≈
○≈≈≈.≈.## ##@O~≈≈≈≈
§○≈≈§§°.####...≈≈≈≈≈
§○≈≈≈§°.......~~≈≈≈≈
§§§§≈≈.°####...≈≈≈≈≈
§§§§§§.## ##.~≈≈≈≈≈
≈≈§≈≈°°# #.~≈≈≈≈≈
#≈≈≈§°○+ #.~≈≈≈≈≈
≈§≈≈§≈^# #.~~≈≈≈≈
§§≈≈§..# .~.≈≈≈


You could see a salamander (unable to see you) and a two-headed ogre (unable to
see you).

Vanquished Creatures
  Pikel (D:7)
  Joseph (D:8)
  An elephant (D:8)
  A black mamba (Lair:1)
  2 komodo dragons (Lair:1)
  A troll (D:6)
  A wyvern (D:7)
  3 basilisks
  A fire bat (Volcano)
  A yak (D:8)
  A hell hound (Volcano)
  5 water moccasins
  3 sky beasts
  A black bear (D:5)
  3 orc warriors
  An ogre (D:5)
  A phantom (D:5)
  2 kobold brigands (D:7)
  A bullfrog (D:7)
  2 scorpions (D:5)
  2 necrophages
  5 howler monkeys
  A jelly (D:8)
  4 hounds
  5 orc priests
  4 iguanas
  Jessica (D:2)
  Terence (D:2)
  3 orc wizards
  7 gnolls
  4 river rats (Sewer)
  12 adders
  2 shadow imps
  A white imp (D:5)
  5 worms
  3 dart slugs
  38 orcs
  12 endoplasms
  6 giant cockroaches
  6 goblins
  4 hobgoblins
  15 jackals
  8 quokkas
  13 ball pythons
  14 bats
  10 frilled lizards
  16 kobolds
  3 rats
238 creatures vanquished.

Vanquished Creatures (others)
  4 fungi (D:2)
  A plant (D:2)
5 creatures vanquished.

Grand Total: 243 creatures vanquished

Notes
Turn   | Place    | Note
-------+----------+-------------------------------------------
     0 | D:1      | IdlyInterested the Demonspawn Gladiator began the quest for
                  | the Orb.
     0 | D:1      | Reached XP level 1. HP: 16/16 MP: 1/1
   126 | D:1      | Reached skill level 3 in Long Blades
   401 | D:1      | Gained mutation: You have an unusually large brain. (Int
                  | +2) [demonic ancestry]
   401 | D:1      | Reached XP level 2. HP: 22/22 MP: 2/2
  1252 | D:1      | Reached XP level 3. HP: 27/27 MP: 3/3
  1686 | D:2      | Identified the +1 pair of boots of Fefoap {rF+ rN+ Dex+7}
  1948 | D:2      | Found a faded altar of an unknown god.
  1978 | D:2      | Got Plato's Discourse on Terra Firma
  1992 | D:2      | Noticed Jessica
  1997 | D:2      | Reached skill level 4 in Long Blades
  2004 | D:2      | Killed Jessica
  2005 | D:2      | Reached skill level 1 in Armour
  2005 | D:2      | Gained mutation: You have an extremely huge brain. (Int +4)
                  | [demonic ancestry]
  2005 | D:2      | Reached XP level 4. HP: 26/33 MP: 4/4
  2364 | D:2      | Noticed Terence
  2369 | D:2      | Killed Terence
  2710 | D:3      | Reached skill level 1 in Stealth
  2710 | D:3      | Reached XP level 5. HP: 24/38 MP: 5/5
  2955 | D:3      | Reached skill level 5 in Long Blades
  2955 | D:3      | Reached skill level 1 in Evocations
  3036 | D:3      | Found a shadowy altar of Dithmenos.
  3399 | D:3      | Gained mutation: Your spells are a little harder to cast,
                  | but a little more powerful. [potion of mutation]
  3399 | D:3      | Gained mutation: You have large cloven feet. [potion of
                  | mutation]
  3399 | D:3      | Gained mutation: You have a somewhat thin skeletal
                  | structure. (Dex +2, Stealth+) [potion of mutation]
  3399 | D:3      | Gained mutation: Your mind is acute. (Int +4, Str/Dex -1)
                  | [potion of mutation]
  3428 | D:4      | Reached XP level 6. HP: 38/44 MP: 6/6
  3722 | D:4      | Reached skill level 6 in Long Blades
  3999 | D:5      | Entered Level 5 of the Dungeon
  4017 | D:5      | Gained mutation: Your touch may inflict minor irresistible
                  | damage on your foes. [demonic ancestry]
  4017 | D:5      | Reached XP level 7. HP: 39/52 MP: 7/7
  4084 | D:5      | Found a glowing drain.
  4099 | Sewer    | Entered a sewer
  4757 | Sewer    | Reached skill level 7 in Long Blades
  4917 | D:5      | Found a burning altar of Makhleb.
  5014 | D:5      | Reached skill level 1 in Unarmed Combat
  5025 | D:5      | Found a hide-covered altar of Uskayaw.
  5151 | D:5      | Found an ornate altar of the Wu Jian Council.
  5157 | D:5      | Noticed a spectral centipede
  5157 | D:5      | Noticed a spectral black mamba
  5157 | D:5      | Noticed a spectral cane toad
  5224 | D:5      | Gained mutation: You may rarely emit foul miasma when
                  | damaged in melee. [demonic ancestry]
  5224 | D:5      | Reached XP level 8. HP: 60/60 MP: 8/8
  5314 | D:5      | Found a radiant altar of Vehumet.
  5491 | D:6      | Identified a scroll of acquirement
  5491 | D:6      | Acquired the ring "Apeaw" {Wiz rC+++ Dex+2}
  6145 | D:6      | Found a staircase to the Ecumenical Temple.
  6179 | D:6      | Reached skill level 8 in Long Blades
  6194 | Temple   | Entered the Ecumenical Temple
  6680 | D:6      | Found a blossoming altar of Fedhas.
  6845 | D:6      | Found an ancient bone altar of Kikubaaqudgha.
  6980 | D:6      | Noticed a troll
  6987 | D:6      | Killed a troll
  6988 | D:6      | Reached skill level 9 in Long Blades
  7247 | D:7      | Noticed Pikel
  7252 | D:7      | Killed Pikel
  7253 | D:7      | Gained mutation: You sometimes gain a little power by
                  | taking damage. [demonic ancestry]
  7253 | D:7      | Reached XP level 9. HP: 65/65 MP: 9/9
  7273 | D:7      | Reached skill level 10 in Long Blades
  8132 | D:7      | Found a sparkling altar of Nemelex Xobeh.
  8274 | D:7      | Found Bovalimm's Antique Armour Emporium.
  8877 | D:7      | Bought an encrusted scale mail for 261 gold pieces
  8877 | D:7      | Identified the +1 scale mail "Cisicvy" {rElec rN++ Will+
                  | Regen+} (You bought it in a shop on level 7 of the Dungeon)
  8906 | D:8      | Found Kexer's General Store.
  8925 | D:8      | Noticed an elephant
  8933 | D:8      | Reached skill level 11 in Long Blades
  8933 | D:8      | Reached skill level 1 in Spellcasting
  8956 | D:8      | Noticed Joseph
  8958 | D:8      | Found a staircase to the Lair.
  8971 | D:8      | Killed Joseph
  8972 | D:8      | Reached XP level 10. HP: 59/71 MP: 13/13
  8986 | D:8      | Killed an elephant
  9016 | D:8      | Found an iron altar of Okawaru.
  9071 | D:8      | Found a stormy altar of Qazlal.
  9591 | D:3      | Became a worshipper of Dithmenos the Shadowed
  9700 | Lair:1   | Entered Level 1 of the Lair of Beasts
  9714 | Lair:1   | Reached skill level 12 in Long Blades
  9758 | Lair:1   | Noticed a black mamba
  9767 | Lair:1   | Killed a black mamba
  9827 | Lair:1   | You fall into a shaft and drop 1 floor!
  9872 | Lair:2   | Found a dark tunnel.
  9878 | Volcano  | Entered a volcano
  9918 | Volcano  | Noticed a two-headed ogre
  9918 | Volcano  | Noticed a salamander
  9920 | Volcano  | Noticed a salamander
  9921 | Volcano  | Noticed a two-headed ogre
  9928 | Volcano  | HP: 3/73 [two-headed ogre/+0 giant club of flaming (1)]
  9931 | Volcano  | Slain by a salamander

Illustrated notes

Levels and vault maps discovered:
D:1:      dpeg_arrival_court, layout_loops_cross, kennysheep_pointless_box,
          minmay_tall_x
D:2:      layout_basic, shapermc_ecumenical_altar_rom_forum, uniq_terence,
          uniq_jessica
D:3:      layout_rooms, lemuel_round_altar
D:4:      layout_rooms, minmay_surrounded
D:5:      layout_rooms, lemuel_coloured_pillars_altar,
          pdpol_wu_jian_five_deadly_venoms, overflow_temple_1_default,
          nicolae_uskayaw_dance_hall, gup_sewer_entry_pipe
D:6:      layout_gridville, nicolae_overflow_crystal_walls,
          nicolae_kikubaaqudgha_miasma_corner,
          minmay_temple_entry_gardened_gates, minmay_misc_feat_enclosed
D:7:      layout_cave_pods, lemuel_doored_altar, serial_shops, shop, uniq_pikel
D:8:      layout_cave_pools, mainiacjoe_overflow_boulevard,
          nicolae_elyvilon_peaceful_grove, nicolae_qazlal_eye_of_the_storm,
          david_lair_generic, serial_shops, shop, uniq_joseph
Temple:   jpeg_temple_island
Lair:1:   layout_loops_ring
Lair:2:   layout_gridlike, shoals_dummy_entry,
          minmay_snake_entry_guardpost_medium, enter_volcano_4, disabler_island,
          uniq_sonja
Volcano:  volcano_village

Skill      XL: |  1  2  3  4  5  6  7  8  9 10 |
---------------+-------------------------------+-----
Long Blades    | 3 4 5 6 7 9 11 12 | 12.6
Throwing       | 2 |  2.0
Dodging        | 3 4 |  4.0
Armour         | 1 |  1.0
Stealth        | 1 |  1.0
Evocations     | 1 |  1.0
Fighting       | 3 4 |  4.4
Unarmed Combat | 1 4 |  4.0
Spellcasting   | 2 4 |  4.0

Action                   |  1- 3 |  4- 6 |  7- 9 | 10-12 || total
-------------------------+-------+-------+-------+-------++-------
Melee: Long sword        |   127 |   160 |   293 |    79 ||   659
       Touch             |       |       |    62 |    23 ||    85
       Punch             |       |       |     3 |     1 ||     4
Throw: Boomerang         |       |       |     5 |       ||     5
  Use: Scroll            |     3 |     9 |     9 |     5 ||    26
       Potion            |       |     2 |     3 |     1 ||     6
 Stab: Sleeping          |     1 |       |       |       ||     1
       Invisible         |       |       |       |     1 ||     1
Armor: Leather armour    |    53 |     5 |       |       ||    58
       Chain mail        |       |    96 |   160 |       ||   256
       Ring mail         |       |     1 |       |       ||     1
       Scale mail        |       |       |     7 |    20 ||    27
Dodge: Dodged            |   116 |    47 |   120 |    33 ||   316
Block: Orb               |     5 |    36 |       |       ||    41
       Reflection        |       |     1 |     1 |       ||     2
       Kite shield       |       |    35 |     7 |       ||    42
       Other             |       |       |    59 |    13 ||    72

Table legend: (Time is in decaauts)
 A = Elapsed time spent in this place.
 B = Non-inter-level travel time spent in this place.
 C = Inter-level travel time spent in this place.
 D = Time resting spent in this place.
 E = Time spent auto-exploring this place.
 F = Levels seen in this place.
 G = Mean time per level.
                   A        B        C        D        E       F      G
               +--------+--------+--------+--------+--------+-----+--------+
         Total |  10356 |   9440 |    916 |   2415 |   4290 |  13 |  796.6 |
       Dungeon |   8844 |   7940 |    904 |   2135 |   3863 |   8 | 1105.5 |
        Temple |    375 |    364 |     11 |      0 |    358 |   1 |  375.0 |
          Lair |    167 |    167 |      0 |     15 |     40 |   2 |   83.5 |
         Sewer |    917 |    917 |      0 |    265 |      0 |   1 |  917.0 |
       Volcano |     50 |     50 |      0 |      0 |     29 |   1 |   50.0 |
               +--------+--------+--------+--------+--------+-----+--------+

Top non-repeatable levels by time:
     D:6: 1655 daAuts
     D:1: 1609 daAuts
     D:7: 1526 daAuts
     D:2: 1371 daAuts
   Sewer: 917 daAuts
     D:5: 742 daAuts
     D:3: 676 daAuts
     D:4: 645 daAuts
     D:8: 618 daAuts
  Temple: 375 daAuts
  Lair:1: 116 daAuts
  Lair:2: 50 daAuts
 Volcano: 50 daAuts
